 Dungeon Crawl Stone Soup version 0.31.0-4-g52a2dc7128 (webtiles) character file.

Game seed: 5875059674073964844

48794 night the Martial Artist (level 14, -6/104 HPs)
             Began as a Demonspawn Gladiator on Jan 22, 2024.
             Was a High Priest of Vehumet.
             Mangled by a komodo dragon (13 damage)
             ... on level 1 of the Lair of Beasts.
             The game lasted 00:33:16 (11828 turns).

night the Martial Artist (Demonspawn Gladiator)    Turns: 11828, Time: 00:33:17

Health: -6/104     AC: 12    Str: 15    XL:     14   Next: 13%
Magic:  24/24      EV: 15    Int: 19    God:    Vehumet [*****.]
Gold:   479        SH:  6    Dex: 15    Spells: 20/27 levels left

rFire   . .          .
                       - Unarmed
rCold   + . .        d - +0 buckler
rNeg    . . .        a - +2 leather armour {rC+}
rPois   .            n - +1 helmet
rElec   .            Q - +0 cloak
rCorr   .            (gloves unavailable)
SInv    .            (no boots)
Will    +....        (no amulet)
Stlth   +            j - ring of wizardry
HPRegen 0.37/turn    N - +6 ring of intelligence
MPRegen 0.19/turn

%: wizardry (x1)
@: hasted, very quick
A: thin metallic scales 2, foul stench 3, powered by death 2, demonic touch 3
a: Renounce Religion


You were on level 1 of the Lair of Beasts.
You worshipped Vehumet.
Vehumet was extremely pleased with you.
You visited 3 branches of the dungeon, and saw 12 of its levels.
You also visited: Sewer and Bailey.

You collected 724 gold pieces.
You spent 245 gold pieces at shops.

Inventory:

Missiles
 c - 2 throwing nets (quivered)
 i - 159 stones
 l - 14 boomerangs
 t - 53 poisoned darts
 z - a javelin
 J - 2 curare-tipped darts
Armour
 a - a +2 leather armour of cold resistance (worn)
 d - a +0 buckler (worn)
 n - a +1 helmet (worn)
 K - the +1 leather armour "Soboaxtaysh" {rPois Str+4 Dex+3}
   (You found it on level 7 of the Dungeon)

   Str+4:     It affects your strength (+4).
   Dex+3:     It affects your dexterity (+3).
   rPois:     It protects you from poison
 Q - a +0 cloak (worn)
 R - a +1 pair of gloves
Magical Staves
 L - a staff of fire
Jewellery
 j - a ring of wizardry (left hand)
 o - a ring of protection from cold
 I - a ring of poison resistance
 N - a +6 ring of intelligence (right hand)
 O - a ring of wizardry
 U - a ring of willpower
Wands
 h - a wand of flame (27)
 k - a wand of light (14)
 M - a wand of charming (24)
Scrolls
 e - a scroll of summoning
 m - 3 scrolls of teleportation
 p - 3 scrolls of noise
 q - 3 scrolls of enchant armour
 r - a scroll of amnesia
 u - a scroll of vulnerability
 v - 3 scrolls of fog
 y - 5 scrolls of immolation
 F - a scroll of enchant weapon
 T - a scroll of fear {unknown}
Potions
 f - 2 potions of cancellation {unknown}
 g - 2 potions of attraction
 s - 3 potions of mutation {unknown}
 w - a potion of enlightenment {unknown}
 x - 2 potions of heal wounds {unknown}
 A - 3 potions of haste
 B - a potion of lignification {unknown}
 C - 4 potions of invisibility {unknown}
 D - 4 potions of brilliance {unknown}
 E - 4 potions of might {unknown}
 H - 6 potions of magic {unknown}


   Skills:
 + Level 7.7 Fighting
 - Level 1.7 Throwing
 - Level 6.0 Armour
 + Level 8.6 Dodging
 - Level 6.0 Shields
 * Level 10.5 Unarmed Combat
 + Level 7.2 Spellcasting
 - Level 6.3 Conjurations
 + Level 7.4 Fire Magic


You had 20 spell levels left.
You knew the following spells:

 Your Spells              Type           Power      Damage    Failure   Level
a - Foxfire               Conj/Fire      100%       2x1d9     1%          1
b - Scorch                Fire           70%        2d7       1%          2
c - Iskenderun's Mystic   Conj/Tloc      18%        2d6       4%          4

Your spell library contained the following spells:

 Spells                   Type           Power      Damage    Failure   Level
 Iskenderun's Battlesphe  Conj           30%        2d8       3%          5
 Magic Dart               Conj           100%       1d8       1%          1
 Sandblast                Erth           12%        2d6       1%          1
 Searing Ray              Conj           60%        2d6       1%          2
 Stone Arrow              Conj/Erth      36%        3d9       1%          3
 Brom's Barrelling Bould  Conj/Erth      18%        2d4       4%          4
 Fulminant Prism          Conj/Alch      9%         3d7       4%          4
 Summon Small Mammal      Summ           24%        N/A       6%          1
 Ensorcelled Hibernation  Hex/Ice        12%        N/A       9%          2
 Summon Blazeheart Golem  Fire/Summ      20%        N/A       13%         4
 Call Canine Familiar     Summ           6%         N/A       17%         3
 Passwall                 Erth           6%         N/A       17%         3
 Swiftness                Air            6%         N/A       17%         3


Dungeon Overview and Level Annotations

Branches:
Dungeon (10/15)            Temple (1/1) D:5            Lair (1/5) D:9
    Orc (0/2) D:10          Sewer (visited)          Bailey (visited)

Altars:
Ashenzari
Cheibriados
Dithmenos
Fedhas
Gozag
Hepliaklqana
Kikubaaqudgha
Makhleb
Nemelex Xobeh
Okawaru
Qazlal
Ru
Sif Muna
Trog
Uskayaw
Vehumet
Wu Jian
Xom
Yredelemnul

Shops:
D:3 (   D:7 *   D:8 [[*   D:10 [


Innate Abilities, Weirdness & Mutations

You are mostly covered in thin metallic scales. (AC +3)
You frequently emit foul miasma when damaged in melee.
You regenerate health from kills.
Your touch may irresistibly damage your foes and sap their willpower.


Message History

The komodo dragon attacks as it pursues you!
The komodo dragon bites you!! x2
* * * LOW HITPOINT WARNING * * *
You emit a cloud of foul miasma!
The komodo dragon attacks as it pursues you!
The komodo dragon bites you!
* * * LOW HITPOINT WARNING * * *
Okay, then.
You feel better. The komodo dragon bites you.
* * * LOW HITPOINT WARNING * * *
You emit a cloud of foul miasma!
The komodo dragon is engulfed in dark miasma.
The komodo dragon is poisoned.
The komodo dragon barely misses you.
You feel better.
The komodo dragon is engulfed in dark miasma.
The komodo dragon is poisoned.
The komodo dragon completely misses you.
The komodo dragon is engulfed in dark miasma.
The komodo dragon looks even sicker.
The komodo dragon closely misses you.
It was a potion of haste.
You feel yourself speed up.
The komodo dragon is engulfed in dark miasma.
The komodo dragon looks even sicker.
The komodo dragon bites you!
* * * LOW HITPOINT WARNING * * *
The komodo dragon is engulfed in dark miasma.
The komodo dragon looks even sicker.
The komodo dragon seems to slow down.
You block the komodo dragon's attack.
You feel better.
The komodo dragon is no longer moving slowly.
The komodo dragon is engulfed in dark miasma.
The komodo dragon looks even sicker.
The komodo dragon seems to slow down.
The komodo dragon completely misses you.
The komodo dragon is engulfed in dark miasma.
The komodo dragon looks as sick as possible!
The komodo dragon seems to slow down.
The komodo dragon closely misses you.
The komodo dragon is no longer moving slowly.
The komodo dragon attacks as it pursues you!
The komodo dragon bites you.
* * * LOW HITPOINT WARNING * * *
The komodo dragon bites you!
You die...

#^....## #..##
###....# ...#
##...≈# #).#
##....≈# #~.#
#....≈~# ##≈~#
#.#..≈≈# ##≈≈~# .
###..≈## #≈≈~####
.# ##...###≈≈≈l≈.#
.# ###..###≈~#@##
.#
##..†.#.≈#.......#
.#
##..####†~###.#####
.#### #..## #..≈##
## ....#
#.#####†.≈≈####
...##
##†......≈≈≈≈≈#
.### ##.#...##.####
..## #.#P..# .#
...## #.##†## .P


You could see a komodo dragon (extremely poisoned).

Vanquished Creatures
  2 two-headed ogres
  Pikel (D:8)
  Maurice (D:9)
  5 komodo dragons
  A troll (D:7)
  A hornet (D:9)
  2 wyverns
  5 yaks (D:10)
  A basilisk (D:9)
  2 steam dragons
  A water moccasin (D:5)
  A sky beast (D:8)
  12 orc warriors
  A black bear (D:7)
  2 ogres
  3 centaurs
  3 lemures (D:8)
  7 kobold brigands
  2 bullfrogs
  2 gnoll sergeants
  6 wights
  3 scorpions
  9 killer bees (D:8)
  4 howler monkeys
  An electric eel (Lair:1)
  A gnoll bouda (D:7)
  2 jellies
  2 bombardier beetles
  5 orc priests
  2 hounds (D:5)
  2 sleepcaps
  Ijyb (D:5)
  Terence (D:3)
  10 iguanas (Lair:1)
  7 orc wizards
  12 gnolls
  14 adders
  8 river rats
  2 dart slugs (D:3)
  5 ribbon worms
  55 orcs
  12 ball pythons
  4 bats
  9 endoplasms
  A giant cockroach (D:3)
  6 goblins
  5 hobgoblins
  3 jackals (D:2)
  38 kobolds
  A quokka (D:2)
  14 frilled lizards
  22 rats
322 creatures vanquished.

Vanquished Creatures (collateral kills)
  A basilisk (D:9)
1 creature vanquished.

Vanquished Creatures (others)
  An orc warrior (Bailey)
  2 orcs (D:8)
  A frilled lizard (Lair:1)
  251 foxfires
255 creatures vanquished.

Grand Total: 578 creatures vanquished

Notes
Turn   | Place    | Note
-------+----------+-------------------------------------------
     0 | D:1      | night the Demonspawn Gladiator began the quest for the Orb.
     0 | D:1      | Reached XP level 1. HP: 16/16 MP: 1/1
   232 | D:1      | Reached skill level 3 in Unarmed Combat
   232 | D:1      | Gained mutation: You may rarely emit foul miasma when
                  | damaged in melee. [demonic ancestry]
   232 | D:1      | Reached XP level 2. HP: 23/23 MP: 2/2
   510 | D:2      | Identified the +6 shortbow of the Thing {heavy, rElec
                  | Dex+3}
   841 | D:2      | Gained mutation: Your touch may inflict minor irresistible
                  | damage on your foes. [demonic ancestry]
   841 | D:2      | Reached XP level 3. HP: 16/28 MP: 3/3
  1290 | D:3      | Found a faded altar of an unknown god.
  1291 | D:3      | Found Evumaoxe's Antique Weapon Shop.
  1296 | D:3      | Found a radiant altar of Vehumet.
  1296 | D:3      | Found a blossoming altar of Fedhas.
  1315 | D:3      | Became a worshipper of Vehumet
  1406 | D:3      | Found a sparkling altar of Nemelex Xobeh.
  1546 | D:3      | Gained mutation: You are partially covered in thin metallic
                  | scales. (AC +2) [demonic ancestry]
  1546 | D:3      | Reached XP level 4. HP: 30/35 MP: 4/4
  1583 | D:3      | Noticed Terence
  1586 | D:3      | Killed Terence
  1587 | D:3      | Reached skill level 4 in Unarmed Combat
  1717 | D:3      | Found a snail-covered altar of Cheibriados.
  2015 | D:4      | Gained mutation: You regenerate a little health from kills.
                  | [demonic ancestry]
  2015 | D:4      | Reached XP level 5. HP: 41/41 MP: 5/5
  2192 | D:4      | Reached * piety under Vehumet
  2192 | D:4      | Offered knowledge of Foxfire by Vehumet.
  2267 | D:4      | Learned a level 1 spell: Foxfire
  2308 | D:4      | You fall into a shaft and drop 3 floors!
  2462 | D:7      | HP: 6/42 [poisoned by a gnoll sergeant]
  2470 | D:7      | Gained mutation: You sometimes emit foul miasma when
                  | damaged in melee. [demonic ancestry]
  2470 | D:7      | Reached XP level 6. HP: 13/48 MP: 6/6
  2527 | D:7      | Found Zin's Purification Station.
  2575 | D:6      | Reached skill level 1 in Fire Magic
  2603 | D:5      | Entered Level 5 of the Dungeon
  2741 | D:5      | Reached skill level 5 in Unarmed Combat
  2764 | D:5      | Offered knowledge of Scorch by Vehumet.
  2770 | D:5      | Found a glowing drain.
  2778 | Sewer    | Entered a sewer
  2782 | Sewer    | Learned a level 2 spell: Scorch
  2806 | Sewer    | Reached ** piety under Vehumet
  3179 | Sewer    | Reached XP level 7. HP: 54/54 MP: 3/8
  3291 | Sewer    | Offered knowledge of Hailstorm by Vehumet.
  3301 | Sewer    | Reached skill level 1 in Spellcasting
  3771 | D:5      | Noticed Ijyb
  3787 | D:5      | Killed Ijyb
  4017 | D:4      | Reached skill level 2 in Fire Magic
  4402 | D:5      | Found a bloodstained altar of Trog.
  4435 | D:5      | Found a sacrificial altar of Ru.
  4525 | D:5      | Found a shadowy altar of Dithmenos.
  4528 | D:5      | Found a hide-covered altar of Uskayaw.
  4609 | D:5      | Reached *** piety under Vehumet
  4731 | D:5      | Found a staircase to the Ecumenical Temple.
  4752 | Temple   | Entered the Ecumenical Temple
  4893 | D:5      | Reached skill level 6 in Unarmed Combat
  5075 | D:5      | Reached skill level 2 in Spellcasting
  5075 | D:5      | Gained mutation: You are mostly covered in thin metallic
                  | scales. (AC +3) [demonic ancestry]
  5075 | D:5      | Reached XP level 8. HP: 61/61 MP: 2/11
  5376 | D:6      | Reached skill level 5 in Fighting
  5541 | D:6      | Found an ornate altar of the Wu Jian Council.
  5567 | D:6      | HP: 7/62 [ogre/+0 giant club (29)]
  5979 | D:7      | Noticed a two-headed ogre
  6117 | D:7      | Identified the +1 leather armour "Soboaxtaysh" {rPois Str+4
                  | Dex+3}
  6169 | D:7      | Found an iron altar of Okawaru.
  6316 | D:7      | Identified the +8 spear of Wyrd {drain, rElec rCorr Str+5
                  | Dex-3}
  6371 | D:7      | Offered knowledge of Iskenderun's Mystic Blast by Vehumet.
  6433 | D:7      | Identified the +2 broad axe "Vaschezor" {drain, ^Fragile
                  | rF+++ Will++ Stlth+}
  6532 | D:7      | Killed a two-headed ogre
  6533 | D:7      | Reached skill level 5 in Dodging
  6533 | D:7      | Reached skill level 7 in Unarmed Combat
  6533 | D:7      | Gained mutation: You regenerate health from kills. [demonic
                  | ancestry]
  6533 | D:7      | Reached XP level 9. HP: 16/69 MP: 12/14
  6892 | D:7      | Noticed a troll
  6904 | D:7      | Killed a troll
  7148 | D:8      | Learned a level 4 spell: Iskenderun's Mystic Blast
  7264 | D:8      | Found Mewk's Armour Shoppe.
  7270 | D:8      | Found Vulas's Antique Armour Shop.
  7276 | D:8      | Bought a +0 cloak for 58 gold pieces
  7363 | D:8      | Reached skill level 1 in Conjurations
  7378 | D:8      | Reached skill level 8 in Unarmed Combat
  7519 | D:8      | Found a shimmering altar of Xom.
  7531 | D:8      | Noticed Pikel
  7586 | D:8      | Killed Pikel
  7587 | D:8      | Reached skill level 2 in Conjurations
  7622 | D:8      | Found Hofoczekk's Assorted Antiques.
  7629 | D:8      | Bought a pair of glowing gloves for 187 gold pieces
  7822 | D:8      | Reached XP level 10. HP: 75/77 MP: 11/16
  7826 | D:8      | Reached **** piety under Vehumet
  8357 | D:9      | Noticed Maurice
  8430 | D:9      | Maurice stole a staff of fire
  8437 | D:9      | Maurice stole 9 boomerangs
  8441 | D:9      | Killed Maurice
  8610 | D:9      | Offered knowledge of Brom's Barrelling Boulder by Vehumet.
  8886 | D:9      | Reached skill level 5 in Fire Magic
  9054 | D:9      | Paralysed by a hornet for 2 turns
  9342 | D:9      | Noticed a two-headed ogre
  9363 | D:9      | Killed a two-headed ogre
  9364 | D:9      | Reached skill level 9 in Unarmed Combat
  9505 | D:9      | Reached skill level 5 in Spellcasting
  9582 | D:9      | HP: 11/79 [komodo dragon (20)]
  9763 | D:9      | Found a staircase to the Lair.
  9954 | D:10     | Entered Level 10 of the Dungeon
  9958 | D:10     | Found a shimmering blue altar of Sif Muna.
  9976 | D:10     | Found Quodghudi's Armour Emporium.
 10048 | D:10     | Found a staircase to the Orcish Mines.
 10071 | D:10     | Reached ***** piety under Vehumet
 10072 | D:10     | Reached XP level 11. HP: 84/84 MP: 12/18
 10081 | D:10     | Offered knowledge of Iskenderun's Battlesphere by Vehumet.
 10118 | D:10     | Found a flagged portal.
 10144 | Bailey   | Entered a bailey
 10383 | Bailey   | Reached skill level 5 in Conjurations
 10383 | Bailey   | Gained mutation: You frequently emit foul miasma when
                  | damaged in melee. [demonic ancestry]
 10383 | Bailey   | Reached XP level 12. HP: 91/91 MP: 19/21
 10384 | Bailey   | Reached skill level 10 in Unarmed Combat
 10384 | Bailey   | Gained mutation: Your touch may inflict irresistible damage
                  | on your foes. [demonic ancestry]
 10384 | Bailey   | Reached XP level 13. HP: 97/97 MP: 19/23
 10385 | Bailey   | Gained mutation: Your touch may irresistibly damage your
                  | foes and sap their willpower. [demonic ancestry]
 10385 | Bailey   | Reached XP level 14. HP: 103/103 MP: 19/24
 10459 | Bailey   | HP: 13/103 [orc knight/+0 halberd (18)]
 11582 | Lair:1   | Entered Level 1 of the Lair of Beasts
 11704 | Lair:1   | HP: 15/104 [iguana (5)]
 11822 | Lair:1   | HP: 3/104 [komodo dragon (13)]
 11825 | Lair:1   | HP: 1/104 [komodo dragon (16)]
 11828 | Lair:1   | Mangled by a komodo dragon

Illustrated notes

Levels and vault maps discovered:
D:1:      dpeg_arrival_long_road, layout_basic
D:2:      layout_basic, minmay_hexomino_u4
D:3:      layout_basic, chequers_temple_overflow_statue_of_worship,
          nemelex_xobeh_ov_fountains_minmay, mainiacjoe_overflow_brackets,
          basic_ecumenical_altar, serial_shops, shop, uniq_terence
D:4:      layout_rooms, minmay_cupped
D:5:      layout_gridville, lemuel_tele_altar, grunt_temple_overflow_cloverleaf,
          minmay_temple_entry_mist, lightli_sewer_entry_pipes, uniq_ijyb
D:6:      layout_cave_pools, mainiacjoe_overflow_six_doors_small
D:7:      layout_loops_corners, okawaru_ov_weapons_minmay, zin_purify
D:8:      layout_basic, xom_confusion_cloud, serial_shops, shop, shop, shop,
          uniq_pikel
D:9:      layout_basic, erik_lair_dragon, minmay_misc_feat_chi, uniq_maurice
D:10:     layout_loops_ring, kennysheep_orc_sif_temple, hiddenorc2_lemuel,
          enter_bailey_6, serial_shops, nicolae_shop_trees,
          hangedman_abyss_or_decor_jellyfish_corner, minivault_16
Temple:   nicolae_temple_godpark
Lair:1:   lemuel_reptile_caves, layout_loops_ring, gammafunk_ghost_ooze,
          uniq_sonja

Skill      XL: |  1  2  3  4  5  6  7  8  9 10 11 12 13 |
---------------+----------------------------------------+-----
Unarmed Combat | 3 4 5 6 7 8 9 10 | 10.5
Fighting       | 3 4 5 6 7 |  7.7
Dodging        | 3 4 5 6 7 8 |  8.6
Fire Magic     | 1 2 3 4 5 6 7 |  7.4
Spellcasting   | 2 3 4 5 6 7 |  7.2
Conjurations   | 2 4 5 6 |  6.3
Armour         | 3 4 6 |  6.0
Shields        | 3 4 6 |  6.0
Throwing       | |  1.7

Action                     |  1- 3 |  4- 6 |  7- 9 | 10-12 | 13-15 || total
---------------------------+-------+-------+-------+-------+-------++-------
  Melee: Unarmed           |    90 |   124 |   229 |   199 |   164 ||   806
         Touch             |    11 |    32 |    43 |    36 |       ||   122
         Punch             |     1 |     3 |     9 |    12 |       ||    25
   Fire: Shortbow          |    10 |     4 |     1 |       |       ||    15
  Throw: Javelin           |       |     1 |       |       |       ||     1
         Throwing net      |       |       |     1 |       |       ||     1
   Cast: Foxfire           |       |    36 |    77 |    30 |     3 ||   146
         Scorch            |       |       |    29 |    21 |     1 ||    51
         Iskenderun's Myst |       |       |       |     6 |       ||     6
  Evoke: Wand              |       |       |       |     6 |     2 ||     8
    Use: Scroll            |     2 |       |     6 |     4 |       ||    12
         Potion            |       |     2 |     1 |     2 |     5 ||    10
   Stab: Sleeping          |     2 |       |       |       |     1 ||     3
         Held in net/web   |       |       |     1 |       |       ||     1
 Armour: Leather armour    |    36 |    67 |   147 |   173 |    82 ||   505
  Dodge: Dodged            |    53 |    75 |   160 |   190 |    91 ||   569
  Block: Buckler           |       |       |       |       |    41 ||    41
